 Dungeon Crawl Stone Soup version 0.31-a0-145-g046c7d2549 (webtiles) character file.

Game seed: 6119019887054554464

191 Fnord73 the Slasher (level 5, -15/47 HPs)
             Began as a Minotaur Berserker on June 6, 2023.
             Was a Believer of Trog.
             Demolished by an ogre
             ... wielding a +0 giant club
              (24 damage)
             ... on level 4 of the Dungeon.
             The game lasted 00:20:09 (2509 turns).

Fnord73 the Slasher (Minotaur Berserker)            Turns: 2509, Time: 00:20:09

Health: -15/47     AC:  9    Str: 22      XL:     5   Next: 42%
Magic:  4/4        EV:  9    Int:  6      God:    Trog [**....]
Gold:   150        SH:  0    Dex:  7 (9)  Spells: 4/4 levels left

rFire   . . .        a - +0 falchion
rCold   . . .        (no shield)
rNeg    . . .        h - +0 chain mail
rPois   .            (helmet restricted)
rElec   .            (no cloak)
rCorr   .            (no gloves)
SInv    .            (no boots)
Will    .....        d - amulet of faith Stlth
                     (no ring)
HPRegen 0.27/turn    (no ring)
MPRegen 0.09/turn

%: faith
@: no status effects
A: horns 2, retaliatory headbutt
a: Renounce Religion, Berserk, Trog's Hand


You were on level 4 of the Dungeon.
You worshipped Trog.
Trog was pleased with you.
You visited 1 branch of the dungeon, and saw 5 of its levels.

You collected 282 gold pieces.
You spent 132 gold pieces at shops.

Inventory:

Hand Weapons
 a - a +0 falchion (weapon)
 i - a +1 dagger of venom
 y - a +0 sling
Missiles
 c - 3 javelins (quivered)
 e - 9 poisoned darts
Armour
 b - a +0 animal skin
 h - a +0 chain mail (worn)
 s - a +0 scale mail
Jewellery
 d - an amulet of faith (around neck)
 g - an amulet of the acrobat
Scrolls
 f - a scroll of enchant armour {unknown}
 j - a scroll of magic mapping {unknown}
 m - 2 scrolls of identify {unknown}
 n - 2 scrolls of vulnerability {unknown}
 p - a scroll of silence {unknown}
 u - 3 scrolls of blinking {unknown}
 v - a scroll of immolation
 w - a scroll of teleportation {unknown}
 A - a scroll of noise {unknown}
Potions
 k - 2 potions of lignification {unknown}
 l - 5 potions of curing
 o - a potion of attraction {unknown}
 q - a potion of ambrosia {unknown}
 r - a potion of brilliance {unknown}
 t - a potion of might {unknown}
 x - a potion of haste {unknown}
 z - a potion of cancellation {unknown}


   Skills:
 + Level 4.6 Fighting
 + Level 5.4 Long Blades
 + Level 4.4 Armour
 + Level 2.5 Dodging


You had 4 spell levels left.
You didn't know any spells.
Your spell library contained the following spells:

 Spells                   Type           Power      Damage    Failure   Level
 Freeze                   Ice            0%         1d3       97%         1
 Call Canine Familiar     Summ           0%         N/A       100%        3
 Frozen Ramparts          Ice            0%         1d1       100%        3
 Hailstorm                Conj/Ice       0%         3d3       100%        3
 Portal Projectile        Hex/Tloc       0%         N/A       100%        3
 Summon Guardian Golem    Hex/Summ       0%         N/A       100%        3
 Leda's Liquefaction      Hex/Erth       0%         N/A       100%        4
 Orb of Destruction       Conj           0%         9d5       100%        7
 Spellforged Servitor     Conj/Summ      0%         N/A       100%        7


Dungeon Overview and Level Annotations

Branches:
Dungeon (5/15)
 Temple: D:4-7

Altars:

Shops:
D:1 :   D:4 !

Annotations:
D:4 Eustachio


Innate Abilities, Weirdness & Mutations

You have a pair of horns on your head.
You reflexively headbutt those who attack you in melee.


Message History

The hound bites you.
* * * LOW HITPOINT WARNING * * *
You barely miss the hound. You headbutt the hound.
The hound is almost dead.
The hound bites you but does no damage. The hound closely misses you.
You furiously retaliate!
You headbutt the hound.
You kill the hound!
Trog accepts your kill.
You see here a hound corpse.
You now have 132 gold pieces (gained 6).
You now have 150 gold pieces (gained 18).
You feel better.
Found a stone staircase leading down.
Found a stone staircase leading up.
There is a stone staircase leading down here.
There is a stone staircase leading up here.
You can't go down here!
You hear the slow rusting of a very distant drain.
You hear the slow hiss of a very distant avalanche of sand.
You climb upwards.
Level annotation: Eustachio
There is a stone staircase leading down here.
There is an entrance to Vahetom's Distillery here.
An ogre comes into view. It is wielding a +0 giant club.
The ogre shouts!
The ogre hits you with a +0 giant club.
You hit the ogre.
The ogre is lightly wounded.
The ogre hits you with a +0 giant club!!
* * * LOW HITPOINT WARNING * * *
You hit the ogre but do no damage.
You headbutt the ogre, but do no damage.
The ogre is lightly wounded.
You hit the ogre but do no damage.
The ogre is lightly wounded.
The ogre barely misses you.
You barely miss the ogre.
The ogre hits you with a +0 giant club!!
Ouch! That really hurt!
You die...

######..#
#..# . #..#
# #..# #
#..# # #..#
# #..#
######
..######..#
......
......O@..#
#
..#######.#
# #.# ...
...## #####


You could see an ogre.

Vanquished Creatures
  2 hounds
  Jessica (D:2)
  An iguana (D:4)
  3 adders
  A worm (D:2)
  A dart slug (D:3)
  5 orcs
  2 bats
  7 endoplasms
  A giant cockroach (D:3)
  3 goblins
  4 hobgoblins
  2 quokkas
  2 ball pythons (D:1)
  3 frilled lizards
  4 kobolds
  5 rats
47 creatures vanquished.

Notes
Turn   | Place    | Note
-------+----------+-------------------------------------------
     0 | D:1      | Fnord73 the Minotaur Berserker began the quest for the Orb.
     0 | D:1      | Reached XP level 1. HP: 19/19 MP: 0/0
   386 | D:1      | Found Pixefith's Book Boutique.
   391 | D:1      | Reached XP level 2. HP: 27/27 MP: 1/1
   485 | D:1      | Reached skill level 4 in Long Blades
   849 | D:2      | Noticed Jessica
   855 | D:2      | Killed Jessica
   856 | D:2      | Reached XP level 3. HP: 17/33 MP: 2/2
  1041 | D:2      | Reached ** piety under Trog
  1450 | D:3      | Reached XP level 4. HP: 41/41 MP: 3/3
  1527 | D:3      | Found a faded altar of an unknown god.
  1620 | D:3      | Reached skill level 5 in Long Blades
  1915 | D:4      | Found Vahetom's Distillery.
  1923 | D:4      | Bought a potion of heal wounds for 60 gold pieces
  1923 | D:4      | Bought a potion of curing for 36 gold pieces
  1923 | D:4      | Bought a potion of curing for 36 gold pieces
  2100 | D:4      | Noticed Eustachio
  2108 | D:4      | Reached XP level 5. HP: 42/47 MP: 4/4
  2413 | D:5      | Entered Level 5 of the Dungeon
  2501 | D:4      | Noticed an ogre
  2509 | D:4      | Demolished by an ogre

Illustrated notes

Levels and vault maps discovered:
D:1:      dpeg_arrival_boxes_within_box, layout_basic, serial_shops,
          nicolae_shop_advertising_works [nicolae_subvault_shop_adworks]
D:2:      layout_basic, uniq_jessica
D:3:      layout_basic, hellmonk_ecumenical_altar_blasted, st_stairs_8,
          chequers_serial_rivers_micro_b, bh_walls_and_bars
D:4:      layout_loops_ring, kennysheep_orc_sif_temple, serial_shops, shop,
          uniq_eustachio
D:5:      layout_layer_cave, temple_fountains, serial_shops,
          nicolae_shop_real_fake_doors, cheibrodos_sewer_entry_drain,
          chequers_ossuary_entry_cave

Skill      XL: |  1  2  3  4 |
---------------+-------------+-----
Long Blades    | 4 5 |  5.4
Fighting       | 4 |  4.6
Armour         | 3 4 |  4.4
Dodging        | |  2.5

Action                     |  1- 3 |  4- 6 || total
---------------------------+-------+-------++-------
  Melee: Falchion          |    83 |   109 ||   192
         Headbutt          |    16 |    16 ||    32
         Punch             |       |     1 ||     1
    Use: Potion            |     1 |     2 ||     3
 Armour: Animal skin       |     7 |       ||     7
         Chain mail        |    35 |    74 ||   109
  Dodge: Dodged            |    38 |    82 ||   120

Table legend: (Time is in decaauts)
 A = Elapsed time spent in this place.
 B = Non-inter-level travel time spent in this place.
 C = Inter-level travel time spent in this place.
 D = Time resting spent in this place.
 E = Time spent auto-exploring this place.
 F = Levels seen in this place.
 G = Mean time per level.
                   A        B        C        D        E       F      G
               +--------+--------+--------+--------+--------+-----+--------+
         Total |   2523 |   2523 |      0 |    323 |      0 |   5 |  504.6 |
       Dungeon |   2523 |   2523 |      0 |    323 |      0 |   5 |  504.6 |
               +--------+--------+--------+--------+--------+-----+--------+

Top non-repeatable levels by time:
     D:3: 905 daAuts
     D:2: 636 daAuts
     D:1: 605 daAuts
     D:4: 324 daAuts
     D:5: 51 daAuts
